 Dungeon Crawl Stone Soup version 0.28.0-43-g3370ac3207 (webtiles) character file.

Game seed: 7958932822339515281

25 nonceun the Chopper (level 2, -4/26 HPs)
             Began as a Minotaur Berserker on Mar 10, 2022.
             Was a Follower of Trog.
             Slain by a worm (5 damage)
             ... on level 2 of the Dungeon.
             The game lasted 00:04:15 (1000 turns).

nonceun the Chopper (Minotaur Berserker)            Turns: 1000, Time: 00:04:15

Health: -4/26      AC:  7    Str: 21    XL:     2   Next: 86%
Magic:  1/1        EV: 10    Int:  4    God:    Trog [*.....]
Gold:   45         SH:  0    Dex:  9    Spells: 1/1 levels left

rFire   . . .      SeeInvis .   a - +0 hand axe
rCold   . . .      Faith    .   (no shield)
rNeg    . . .      Spirit   .   f - +0 scale mail
rPois   .          Reflect  .   (helmet restricted)
rElec   .          Harm     .   (no cloak)
rCorr   .          Rampage  +   (no gloves)
Will    .....                   i - +0 pair of boots {rampage}
Stlth   ..........              (no amulet)
HPRegen 0.08/turn               (no ring)
MPRegen 0.07/turn               (no ring)

@: no status effects
A: horns 2, retaliatory headbutt
a: Renounce Religion, Berserk


You were on level 2 of the Dungeon.
You worshipped Trog.
Trog was aware of your devotion.
You visited 1 branch of the dungeon, and saw 2 of its levels.

You collected 45 gold pieces.

Inventory:

Hand Weapons
 a - a +0 hand axe (weapon)
Missiles
 d - 2 poisoned darts (quivered)
 g - 3 stones
Armour
 c - a +0 pair of boots
 f - a +0 scale mail (worn)
 i - a +0 pair of boots of rampaging (worn)
Scrolls
 b - a scroll of identify {unknown}
 e - 2 scrolls of teleportation {unknown}
Potions
 h - a potion of heal wounds {unknown}


   Skills:
 - Level 3.6 Fighting
 + Level 5.0 Axes
 - Level 2.4 Armour
 - Level 2.1 Dodging


You had one spell level left.
You didn't know any spells.
Your spell library contained the following spells:

 Spells                   Type           Power      Damage    Failure   Level
 Summon Guardian Golem    Hex/Summ       0%         N/A       99%         3
 Orb of Destruction       Conj           0%         9d5       100%        7
 Spellforged Servitor     Conj/Summ      0%         N/A       100%        7


Dungeon Overview and Level Annotations

Branches:
Dungeon (2/15)

Altars:

Annotations:
D:2 Natasha


Innate Abilities, Weirdness & Mutations

You have a pair of horns on your head.
You reflexively headbutt those who attack you in melee.


Message History

Level annotation: Natasha Natasha casts a spell.
There is a stone staircase leading up, spattered with blood here.
You see here a +1 dagger of venom.
You hit Natasha. Your headbutt misses Natasha.
Natasha is lightly wounded.
You hit the worm. You hit the crimson imp. The worm bites you.
Natasha barely misses you.
The crimson imp hits you but does no damage.
You fail to use your ability.
Natasha barely misses you. The worm bites you but does no damage.
The crimson imp hits you.
You slash Natasha!
Natasha is heavily wounded.
You hit the crimson imp. You barely miss the worm.
You closely miss the white imp. The white imp gestures at you.
The puff of frost hits you! Natasha closely misses you.
The crimson imp hits you but does no damage.
You closely miss Natasha.
Natasha is heavily wounded.
You barely miss the crimson imp. You hit the worm.
You closely miss the white imp. The white imp closely misses you.
Natasha claws you. The worm bites you.
* * * LOW HITPOINT WARNING * * *
The crimson imp hits you.
* * * LOW HITPOINT WARNING * * *
Unknown command.
You closely miss Natasha. You headbutt Natasha.
Natasha is severely wounded.
You hit the crimson imp. You hit the worm but do no damage.
You hit the white imp.
The white imp grins evilly.
The white imp hits you but does no damage.
Natasha stares at you and mumbles some strange words.
You resist with significant effort. The crimson imp closely misses you.
You closely miss Natasha. Your headbutt misses Natasha.
Natasha is severely wounded.
You barely miss the white imp. You hit the worm. You hit the crimson imp.
The white imp barely misses you. Natasha barely misses you. The worm bites you.
You die...

.......#
..w....# #..
........#
#..###. ......#
#..#.. ......#
#..#.# ..?.(.#
#..#.###.#.....
#..#.5....<....
#..#@h.........
#..w.5...######
##.####### #.
#. #. $. ##


You could see a worm, Natasha, a crimson imp (summoned) and a white imp
(summoned).

Vanquished Creatures
  An adder (D:1)
  A dart slug (D:1)
  An endoplasm (D:1)
  A giant cockroach (D:1)
  A goblin (D:1)
  4 hobgoblins
  A quokka (D:1)
  2 kobolds
  2 rats (D:1)
14 creatures vanquished.

Notes
Turn   | Place    | Note
-------+----------+-------------------------------------------
     0 | D:1      | nonceun the Minotaur Berserker began the quest for the Orb.
     0 | D:1      | Reached XP level 1. HP: 19/19 MP: 0/0
   233 | D:1      | Reached skill level 4 in Axes
   293 | D:1      | Reached XP level 2. HP: 26/26 MP: 1/1
   763 | D:1      | Found a faded altar of an unknown god.
   970 | D:2      | Noticed Natasha
   982 | D:1      | Reached skill level 5 in Axes
   995 | D:2      | Noticed a crimson imp
   998 | D:2      | HP: 1/26 [crimson imp[Natasha] (3)]
  1000 | D:2      | Slain by a worm

Illustrated notes

Levels and vault maps discovered:
D:1:      sevenhm_arrival_forest_fort_large_2, layout_basic,
          shapermc_ecumenical_altar_mp_urbaneastern
D:2:      layout_basic, uniq_natasha

Skill      XL: |  1  2 |
---------------+-------+-----
Axes           | 4 5 |  5.0
Fighting       | |  3.6
Armour         | |  2.4
Dodging        | |  2.1

Action                   || total
-------------------------++-------
Melee: Hand axe          ||    35
       Headbutt          ||     5
Armor: Animal skin       ||     3
       Scale mail        ||    10
Dodge: Dodged            ||    20
